 Dungeon Crawl Stone Soup version 0.29.1-12-g30fa7ad0bf (webtiles) character file.

Game seed: 5004743652629392389

48900 Eitelfritz the Fencer (level 14, 0/117 HPs)
             Began as a Minotaur Gladiator on Jan 18, 2023.
             Was an Elder of Hepliaklqana.
             Slain by a death yak (12 damage)
             ... on level 3 of the Lair of Beasts.
             The game lasted 01:09:11 (17774 turns).

Eitelfritz the Fencer (Minotaur Gladiator)         Turns: 17774, Time: 01:09:12

Health: 0/117      AC: 31    Str: 25    XL:     14   Next: 14%
Magic:  0/6        EV: 11    Int:  7    God:    Hepliaklqana [****..]
Gold:   523        SH:  0    Dex: 16    Spells: 13/13 levels left

rFire   + . .      SeeInvis .   a - +3 falchion (freeze)
rCold   + + .      Faith    .   (no shield)
rNeg    . . .      Spirit   +   n - +11 plate armour of Daisies {Regen+ Str+2}
rPois   +          Reflect  .   r - +0 hat {Stlth+}
rElec   .          Harm     .   D - +1 cloak
rCorr   +          Rampage  .   G - +0 pair of gloves
Will    +....                   (no boots)
Stlth   ..........              Y - amulet of Vehumet's Pride {Spirit rC+ Stlth+}
HPRegen 1.09/turn               N - ring of poison resistance
MPRegen 0.10/turn               f - ring "Wekoryme" {rF+ rC+ rCorr MP-9 Dex+5}

@: confused, ambrosia-drunk, studying Long Blades
A: reduced essence, horns 2, retaliatory headbutt
a: Renounce Religion, Recall Ancestor, Ancestor Identity, Transference, Idealise


You were on level 3 of the Lair of Beasts.
You worshipped Hepliaklqana.
Hepliaklqana was greatly pleased with you.
You visited 3 branches of the dungeon, and saw 18 of its levels.
You also visited: Bailey and Ice Cave.

You collected 1476 gold pieces.
You spent 953 gold pieces at shops.

Inventory:

Hand Weapons
 a - a +3 falchion of freezing (weapon)
 b - a +5 shortbow of flaming
 k - a +2 morningstar of flaming
 o - a +3 long sword
 K - a +1 long sword of holy wrath
Missiles
 d - 6 throwing nets (quivered)
 e - 4 javelins
 g - 3 silver javelins
 t - 4 boomerangs of dispersal
Armour
 n - the +11 plate armour of Daisies (worn) {Regen+ Str+2}
   (You found it in a bailey)

   Str:       It affects your strength (+2).
   Regen:     It increases your rate of health regeneration.
 r - a +0 hat of stealth (worn)
 D - a +1 cloak (worn)
 G - a +0 pair of gloves (worn)
Jewellery
 f - the ring "Wekoryme" (right hand) {rF+ rC+ rCorr MP-9 Dex+5}
   (You acquired it on level 5 of the Dungeon)

   [ring of protection from cold]

   Dex:       It affects your dexterity (+5).
   rF:        It protects you from fire.
   rC:        It protects you from cold.
   MP:        It affects your magic capacity (-9).
   rCorr:     It protects you from acid and corrosion.
 p - a ring of positive energy
 q - a +4 ring of protection
 C - a ring of willpower
 N - a ring of poison resistance (left hand)
 Y - the amulet of Vehumet's Pride (around neck) {Spirit rC+ Stlth+}
   (You found it on level 11 of the Dungeon)

   [amulet of guardian spirit]

   It causes incoming damage to be divided between your reserves of health and
   magic.
   rC:        It protects you from cold.
   Stlth:     It makes you more stealthy.
Wands
 m - a wand of flame (27)
 v - a wand of roots (24)
 A - a wand of charming (14)
 O - a wand of mindburst (8)
 T - a wand of light (2)
Scrolls
 c - a scroll of amnesia
 h - 2 scrolls of magic mapping
 s - 3 scrolls of poison
 u - 2 scrolls of immolation
 x - 3 scrolls of teleportation
 L - a scroll of enchant weapon
 M - a scroll of summoning
 P - a scroll of silence
 R - 2 scrolls of blinking
 U - 6 scrolls of identify
 X - 2 scrolls of fear
Potions
 i - 6 potions of brilliance
 j - 10 potions of curing
 l - 3 potions of cancellation
 z - 2 potions of invisibility
 B - a potion of berserk rage
 J - 7 potions of flight
 S - 2 potions of resistance
 V - 3 potions of might
 W - a potion of magic
Miscellaneous
 y - a condenser vane
 I - a piece from Xom's chessboard (15/15)


   Skills:
 + Level 13.7 Fighting
 + Level 17.0 Long Blades
 + Level 5.8 Maces & Flails
 + Level 10.2 Ranged Weapons
 + Level 2.2 Throwing
 + Level 13.6 Armour
 + Level 7.3 Dodging
 + Level 5.5 Stealth
 * Level 3.3 Invocations


You had 13 spell levels left.
You didn't know any spells.
Your spell library contained the following spells:

 Spells                   Type           Power      Damage    Failure   Level
 Freeze                   Ice            0%         1d3       98%         1
 Magic Dart               Conj           0%         1d3       98%         1
 Sting                    Tmut/Pois      0%         1d3       98%         1
 Summon Small Mammal      Summ           0%         N/A       98%         1
 Call Imp                 Summ           0%         N/A       99%         2
 Poisonous Vapours        Pois/Air       0%         N/A       99%         2
 Conjure Flame            Conj/Fire      0%         6-21      100%        3
 Frozen Ramparts          Ice            0%         1d1       100%        3
 Gell's Gravitas          Tloc           0%         N/A       100%        3
 Ignite Poison            Fire/Tmut/Pois 0%         N/A       100%        3
 Inner Flame              Hex/Fire       0%         N/A       100%        3
 Lesser Beckoning         Tloc           0%         N/A       100%        3
 Mephitic Cloud           Conj/Pois/Air  0%         N/A       100%        3
 Summon Guardian Golem    Hex/Summ       0%         N/A       100%        3
 Teleport Other           Tloc           0%         N/A       100%        3
 Cause Fear               Hex            0%         N/A       100%        4
 Hailstorm                Conj/Ice       0%         3d3       100%        4
 Ice Form                 Ice/Tmut       0%         N/A       100%        4
 Olgreb's Toxic Radiance  Pois           0%         N/A       100%        4
 Sticky Flame             Conj/Fire      0%         2d3       100%        4
 Summon Ice Beast         Ice/Summ       0%         N/A       100%        4
 Freezing Cloud           Conj/Ice/Air   0%         6-21      100%        5
 Simulacrum               Ice/Necr       0%         N/A       100%        6
 Spellforged Servitor     Conj/Summ      0%         N/A       100%        7
 Summon Hydra             Summ           0%         N/A       100%        7
 Discord                  Hex            0%         N/A       100%        8
 Polar Vortex             Ice            0%         N/A       100%        9


Dungeon Overview and Level Annotations

Branches:
Dungeon (14/15)            Temple (1/1) D:6            Lair (3/5) D:10
 Shoals (0/4) Lair:2        Snake (0/4) Lair:2          Orc (0/2) D:9
 Vaults (0/5) D:14         Bailey (visited)           IceCv (visited)

Altars:
Ashenzari
Cheibriados
Dithmenos
Elyvilon
Fedhas
Gozag
Hepliaklqana
Kikubaaqudgha
Makhleb
Nemelex Xobeh
Okawaru
Qazlal
Ru
Sif Muna
Trog
Uskayaw
Vehumet
Wu Jian
Xom
Yredelemnul
Zin
The Shining One

Shops:
D:3 (   D:6 (   D:10 *   D:12 [

Annotations:
D:9 exclusion: orange crystal statue


Innate Abilities, Weirdness & Mutations

Your life essence is reduced to manifest your ancestor. (-10% HP)
You have a pair of horns on your head.
You reflexively headbutt those who attack you in melee.


Message History

You hit the death yak. You freeze the death yak. You headbutt the death yak!
The death yak is heavily wounded.
The death yak gores you!
* * * LOW HITPOINT WARNING * * *
The death yak barely misses you. You furiously retaliate!
You headbutt the death yak! The death yak completely misses you.
Unknown command.
The death yak gores you!
* * * LOW HITPOINT WARNING * * *
The death yak attacks as you move away!
The death yak gores you but does no damage.
There is a stone staircase leading up here.
You feel much better.
The death yak gores you but does no damage.
The death yak gores you.
* * * LOW HITPOINT WARNING * * *
The death yak gores you!
* * * LOW HITPOINT WARNING * * *
Unknown command.
You slash the death yak! You freeze the death yak.
You headbutt the death yak, but do no damage.
The death yak is heavily wounded.
You slash the death yak! You freeze the death yak. You headbutt the death yak.
The death yak is severely wounded.
The death yak gores you but does no damage.
The death yak gores you.
* * * LOW HITPOINT WARNING * * *
The death yak gores you but does no damage.
Unknown command.
You hit the death yak. You freeze the death yak.
The death yak is almost dead.
You hit the death yak. You freeze the death yak.
The death yak is almost dead.
The death yak gores you but does no damage.
The death yak barely misses you. The death yak gores you!
* * * LOW HITPOINT WARNING * * *
You are confused.
You feel invigorated. The death yak completely misses you.
The death yak gores you!
You die...

. #......#..†......#
....#......#P........#
.......<..##....†....##
....#......###.###....#
...........##### #...##
P.##......!##..###...#
#P................#
...................#.P
...........@..$........
...........YYY...........
##+#...............#
#......†......###...
..♣.##...#P..## ..<
##....#######... ..
.....# ... ..#.. ...# ##
..


You could see 3 death yaks.

Vanquished Creatures
  2 hydras
  A boulder beetle (D:11)
  4 vault guards (D:14)
  A catoblepas (D:9)
  2 centaur warriors (D:14)
  4 two-headed ogres
  2 death yaks (Lair:3)
  A skeletal warrior (D:11)
  Pikel (D:6)
  8 ugly things
  3 deep elf pyromancers
  3 cyclopes
  3 manticores
  An orc sorcerer (D:14)
  3 black mambas (Lair:1)
  2 ice statues (IceCv)
  2 cane toads (Lair:1)
  2 gargoyles (D:14)
  3 kobold demonologists
  2 unseen horrors (D:11)
  5 komodo dragons
  2 rime drakes
  A merfolk (Lair:2)
  A tengu conjurer (D:14)
  2 freezing wraiths
  2 polar bears (D:13)
  7 trolls
  A hornet (D:8)
  3 slime creatures (D:12)
  4 wraiths
  A shadow (D:12)
  25 yaks
  4 wyverns
  8 vampire mosquitoes
  3 basilisks
  A death yak simulacrum (D:12)
  2 wargs (D:10)
  6 water moccasins
  3 acid dragons
  5 nagas (Lair:2)
  A hydra simulacrum (IceCv)
  2 ice beasts (D:6)
  10 orc warriors
  A black bear (shapeshifter) (D:14)
  6 centaurs
  8 wolves
  A lemure (D:5)
  A phantom (D:5)
  6 kobold brigands
  2 gnoll sergeants
  7 bullfrogs
  3 cane toad simulacra
  A two-headed ogre simulacrum (D:12)
  9 wights
  5 killer bees (D:10)
  3 howler monkeys
  3 lava snakes (D:9)
  2 gnoll boudas
  7 orc priests
  2 hounds
  Ijyb (D:5)
  3 iguanas
  9 orc wizards
  2 troll simulacra (D:12)
  A polar bear simulacrum (D:12)
  32 gnolls
  4 adders
  A naga simulacrum (D:12)
  A shadow imp (D:6)
  2 worms
  2 dart slugs
  33 orcs
  2 bats (D:1)
  4 endoplasms
  2 giant cockroaches (D:1)
  12 goblins
  8 hobgoblins
  6 jackals
  4 quokkas
  5 ball pythons
  2 frilled lizards
  25 kobolds
  8 rats
385 creatures vanquished.

Vanquished Creatures (collateral kills)
  Gastronok (Lair:2)
  An ogre mage (D:14)
  A vault guard (D:14)
  2 death yaks
  A cyclops (D:13)
  An ugly thing (D:13)
  2 oklob plants (Lair:2)
  A black mamba (Lair:1)
  2 torpor snails
  A tengu conjurer (D:14)
  A merfolk (Lair:2)
  A slime creature (D:12)
  4 yaks
  A shadow (D:12)
  2 basilisks (Lair:2)
  A naga (Lair:2)
  An orc warrior (D:14)
  2 wolves
  A gnoll sergeant (D:13)
  An electric eel (Lair:2)
  A spriggan simulacrum (D:12)
  2 gnolls (D:13)
31 creatures vanquished.

Vanquished Creatures (others)
  4 hexers
  4 ancestors
  4 fungi
  12 plants
24 creatures vanquished.

Grand Total: 440 creatures vanquished

Notes
Turn   | Place    | Note
-------+----------+-------------------------------------------
     0 | D:1      | Eitelfritz the Minotaur Gladiator began the quest for the
                  | Orb.
     0 | D:1      | Reached XP level 1. HP: 18/18 MP: 0/0
   109 | D:1      | Found a faded altar of an unknown god.
   157 | D:1      | Reached XP level 2. HP: 24/25 MP: 1/1
   412 | D:1      | Reached skill level 4 in Long Blades
  1236 | D:2      | Reached XP level 3. HP: 20/30 MP: 2/2
  1922 | D:2      | Reached skill level 1 in Armour
  2248 | D:3      | Reached XP level 4. HP: 33/38 MP: 3/3
  2351 | D:3      | Reached skill level 1 in Ranged Weapons
  2745 | D:3      | Reached XP level 5. HP: 38/45 MP: 4/4
  2965 | D:3      | Found Vemuhe's Antique Weapon Shoppe.
  2971 | D:3      | Bought a runed sling for 130 gold pieces
  3457 | D:4      | Found an opulent altar of Gozag.
  3621 | D:4      | Reached XP level 6. HP: 52/52 MP: 5/5
  3850 | D:5      | Entered Level 5 of the Dungeon
  4092 | D:5      | Found a shimmering blue altar of Sif Muna.
  4566 | D:5      | Noticed Ijyb
  4604 | D:5      | Killed Ijyb
  4738 | D:5      | Identified a scroll of acquirement
  4738 | D:5      | Acquired the ring "Wekoryme" {rF+ rC+ rCorr MP-9 Dex+5}
  4895 | D:6      | Reached skill level 5 in Long Blades
  4895 | D:6      | Reached XP level 7. HP: 29/59 MP: 0/6
  5124 | D:6      | Noticed Pikel
  5250 | D:6      | Found a staircase to the Ecumenical Temple.
  5285 | D:6      | Reached skill level 5 in Ranged Weapons
  5291 | D:6      | Killed Pikel
  5292 | D:6      | Reached skill level 5 in Fighting
  5292 | D:6      | Reached skill level 6 in Long Blades
  5292 | D:6      | Reached skill level 5 in Armour
  5292 | D:6      | Reached skill level 1 in Stealth
  5292 | D:6      | Reached XP level 8. HP: 56/68 MP: 0/7
  5420 | D:6      | Found Haomin's Weapon Shoppe.
  5572 | D:6      | Reached skill level 5 in Dodging
  5577 | D:6      | Reached skill level 7 in Long Blades
  5873 | D:6      | Bought a +1 long sword of holy wrath for 199 gold pieces
  6332 | D:7      | Reached skill level 8 in Long Blades
  6621 | D:8      | Noticed a hornet
  6635 | D:8      | Killed a hornet
  6664 | D:8      | Reached XP level 9. HP: 35/75 MP: 0/8
  6871 | D:8      | Found a flagged portal.
  6917 | Bailey   | Entered a bailey
  7223 | Bailey   | Reached skill level 9 in Long Blades
  7659 | Bailey   | Identified the +11 plate armour of Daisies {Regen+ Str+2}
  8568 | D:9      | Found a staircase to the Orcish Mines.
  8645 | D:9      | Noticed an orange crystal statue
  9054 | D:8      | Found a radiant altar of Vehumet.
  9054 | D:8      | Found a blossoming altar of Fedhas.
  9192 | D:9      | Reached skill level 10 in Long Blades
  9202 | D:9      | Found an ornate altar of the Wu Jian Council.
  9261 | D:9      | Noticed a catoblepas
  9284 | D:9      | Killed a catoblepas
  9285 | D:9      | Reached XP level 10. HP: 34/86 MP: 0/9
  9469 | D:9      | Noticed a green ugly thing
  9485 | D:9      | Killed a green ugly thing
  9707 | D:9      | Found a hide-covered altar of Uskayaw.
 10004 | D:9      | Noticed an orange demon
 10021 | D:9      | Noticed a sixfirhy
 10195 | Temple   | Entered the Ecumenical Temple
 10367 | Temple   | Became a worshipper of Hepliaklqana the Forgotten
 10449 | D:10     | Entered Level 10 of the Dungeon
 10554 | D:10     | Found an ancient bone altar of Kikubaaqudgha.
 10618 | D:10     | Found a staircase to the Lair.
 10642 | D:10     | Noticed a two-headed ogre
 10663 | D:10     | Reached skill level 11 in Long Blades
 10667 | D:10     | Killed a two-headed ogre
 10718 | D:10     | Found Sely Ewe's General Store.
 11052 | D:10     | Reached XP level 11. HP: 95/95 MP: 1/10
 11188 | D:10     | Found an iron altar of Okawaru.
 11195 | D:10     | Noticed a two-headed ogre
 11198 | D:10     | Found a runed translucent door.
 11294 | D:11     | Noticed a two-headed ogre
 11302 | D:11     | Killed a two-headed ogre
 11359 | D:11     | Reached skill level 12 in Long Blades
 11404 | D:11     | Noticed an eight-headed hydra
 11416 | D:11     | Killed an eight-headed hydra
 11521 | D:11     | Reached skill level 1 in Maces & Flails
 11746 | D:11     | Reached * piety under Hepliaklqana
 11949 | D:11     | Identified the amulet of Vehumet's Pride {Spirit rC+
                  | Stlth+}
 12043 | D:11     | Noticed a boulder beetle
 12070 | D:11     | Killed a boulder beetle
 12104 | D:11     | Noticed a skeletal warrior
 12114 | D:11     | Killed a skeletal warrior
 12115 | D:11     | Reached skill level 13 in Long Blades
 12115 | D:11     | Reached skill level 10 in Armour
 12299 | D:12     | Found Hysobb's Armour Shop.
 12343 | D:12     | Found a frozen archway.
 12358 | D:12     | Reached skill level 10 in Fighting
 12483 | IceCv    | Entered an ice cave
 12483 | IceCv    | Noticed a white ugly thing
 12495 | IceCv    | Reached skill level 14 in Long Blades
 12495 | IceCv    | Reached XP level 12. HP: 80/95 MP: 2/11
 12507 | IceCv    | Found a transporter.
 12512 | IceCv    | Identified the +1 flail "Wief" {pain, rN+}
 12515 | IceCv    | Found a transporter.
 12635 | IceCv    | Got the Treatise on Command
 13194 | D:12     | Reached ** piety under Hepliaklqana
 13194 | D:12     | Noticed an eight-headed hydra
 13202 | D:12     | Killed an eight-headed hydra
 13457 | D:10     | Bought a scroll of acquirement for 624 gold pieces
 13514 | D:12     | Acquired a manual of Long Blades
 13699 | D:13     | Remembered your ancestor Xiloxoch as a hexer
 13798 | D:13     | Reached skill level 15 in Long Blades
 13831 | D:13     | Reached skill level 5 in Maces & Flails
 13991 | D:13     | Noticed a two-headed ogre
 14001 | D:13     | Killed a two-headed ogre
 14034 | D:13     | Found a bloodstained altar of Trog.
 14375 | D:14     | Noticed a centaur warrior
 14389 | D:14     | Killed a centaur warrior
 14466 | D:14     | Reached XP level 13. HP: 48/105 MP: 1/12
 14699 | D:14     | Reached *** piety under Hepliaklqana
 14977 | D:14     | Reached skill level 16 in Long Blades
 15243 | D:14     | Found a gate to the Vaults.
 15544 | D:10     | Reached skill level 10 in Ranged Weapons
 15662 | Lair:1   | Entered Level 1 of the Lair of Beasts
 15662 | Lair:1   | You fall into a shaft and drop 1 floor!
 15830 | Lair:2   | Found a staircase to the Snake Pit.
 15957 | Lair:2   | Reached skill level 1 in Invocations
 16087 | Lair:2   | Noticed Gastronok
 16097 | Lair:2   | Killed Gastronok
 16190 | Lair:2   | Reached **** piety under Hepliaklqana
 16421 | Lair:2   | Found a staircase to the Shoals.
 16840 | Lair:2   | Got the Folio of the Throng and Conjuring
 16927 | Lair:1   | Reached skill level 5 in Stealth
 17106 | Lair:1   | Reached XP level 14. HP: 114/116 MP: 6/15
 17749 | Lair:3   | Reached skill level 17 in Long Blades
 17774 | Lair:3   | Slain by a death yak

Illustrated notes

Levels and vault maps discovered:
D:1:      nagdon_arrival_double_spiral, layout_loops_corners,
          shapermc_ecumenical_altar_venn
D:2:      layout_basic
D:3:      layout_basic, serial_shops, nicolae_shop_statue_plus
D:4:      layout_rooms, nicolae_gozag_seed_capital
D:5:      nicolae_cairo_tiling_very_big, layout_loops_cross, led_sif_book,
          chequers_arboretum, nrook_pool_corridor, uniq_ijyb
D:6:      layout_basic, minmay_temple_entry_purple_smoke,
          nicolae_inconvenience_store, uniq_pikel
D:7:      layout_rooms
D:8:      layout_loops_ring, nicolae_overflow_hidden_temple, enter_bailey_7
D:9:      layout_grid_maze, nzn_wu_jian_council_hall,
          eat_drink_and_be_merry_uskayaw, orc_0_dummy, disabler_island
D:10:     layout_small_grid, lemuel_tele_altar,
          mainiacjoe_overflow_tiny_flanked, erik_lair_orcish_takeover,
          serial_shops, shop, minmay_st_funbox, st_stairs_14, minivault_22
D:11:     wad_cavern_with_rooms, layout_small_grid
D:12:     layout_irregular_city, portal_ice_cave_entry_ice_simulacra,
          serial_shops, nicolae_shop_stone
D:13:     layout_irregular_city, trog_ov_bears_minmay
D:14:     layout_cave_pods, grunt_vaults_entry_fortified
Temple:   eino_narrow_crystal_temple
Lair:1:   layout_chaotic_city, hangedman_lair_generics_rect
Lair:2:   minmay_lair_oklob_chamber, layout_gridlike, elwin_shoals_entry_rooms,
          minmay_snake_entry_guardpost_large, uniq_gastronok
Lair:3:   minmay_guarded_unrand_snakebite, layout_regular_city,
          grunt_megastairs_4

Skill      XL: |  1  2  3  4  5  6  7  8  9 10 11 12 13 14 |
---------------+-------------------------------------------+-----
Long Blades    | 4 5 6 8 10 11 14 15 16 17 | 17.0
Dodging        | 4 5 6 7 |  7.3
Armour         | 1 2 3 5 7 9 10 12 13 | 13.6
Fighting       | 3 4 5 7 8 10 11 13 | 13.7
Ranged Weapons | 1 3 4 5 6 8 9 10 | 10.2
Stealth        | 1 2 3 5 |  5.5
Maces & Flails | 2 5 |  5.8
Invocations    | 2 3 |  3.3
Throwing       | |  2.2

Action                   |  1- 3 |  4- 6 |  7- 9 | 10-12 | 13-15 || total
-------------------------+-------+-------+-------+-------+-------++-------
Melee: Long sword        |    76 |    79 |   267 |   190 |     7 ||   619
       Headbutt          |     7 |    17 |    51 |   187 |   125 ||   387
       Punch             |       |     1 |     2 |     9 |     4 ||    16
       Falchion          |       |       |       |   474 |   378 ||   852
       Morningstar       |       |       |       |    20 |       ||    20
 Fire: Sling             |    23 |    87 |    37 |     9 |       ||   156
       Shortbow          |       |       |    77 |    51 |    23 ||   151
Invok: Ancestor Life: He |       |       |       |     1 |       ||     1
       Recall Ancestor   |       |       |       |       |     1 ||     1
  Use: Scroll            |       |    16 |     3 |     9 |     3 ||    31
       Potion            |       |       |     5 |     1 |     2 ||     8
 Stab: Distracted        |       |       |       |     7 |     7 ||    14
       Confused          |       |       |       |     2 |    11 ||    13
Armor: Leather armour    |    18 |       |       |       |       ||    18
       Ring mail         |       |    54 |    65 |       |       ||   119
       Plate armour      |       |       |    78 |   629 |   206 ||   913
       Scale mail        |       |       |     4 |       |       ||     4
       Skin              |       |       |     3 |       |       ||     3
Dodge: Dodged            |    66 |    77 |   218 |   347 |   164 ||   872
